Sewer Rats vs Blackdemons
(R2)
Created - 14 mai 2016 at 08:51
Goals
|
| Sewer Rats |
2 |
3 |
3 |
8 |
| Blackdemons |
2 |
0 |
3 |
5 |
|
Shots
|
| Sewer Rats |
7 |
15 |
16 |
38 |
| Blackdemons |
12 |
16 |
9 |
37 |
|
1st period
1. Sewer Rats , Vojtech Polak 3 (Kyle Turris) at 2:45
2. Blackdemons , Andrew MacDonald 4 (Enver Lisin, Zach Boychuk) at 11:21 (PP)
3. Blackdemons , Shawn Matthias 4 (Enver Lisin) at 12:20 (PP)
4. Sewer Rats , Lars Eller 3 (Derek Dorsett, John-Michael Liles) at 17:43
Penalties :
Nick Palmieri (Tol) for Charging (Minor) at 11:13, Ville Leino (Tol) for Tripping (Minor) at 11:35, Nick Palmieri (Tol) for Hooking (Minor) at 12:32, Jonathan Paiement (Tol) for Holding (Minor) at 14:45, Enver Lisin (MJM) for Fighting (Major) at 17:47, Tim Ramholt (Tol) for Fighting (Major) at 17:47
2nd period
5. Sewer Rats , Lars Eller 4 (Kyle Quincey, Derek Dorsett) at 2:52
6. Sewer Rats , Nick Palmieri 3 (Peter Mueller) at 5:05 (PP)
7. Sewer Rats , Lars Eller 5 (Derek Dorsett, Matt Lashoff) at 7:38
Penalties :
Vojtech Polak (Tol) for Cross-checking (Minor) at 0:41, Barry Tallackson (MJM) for Interference (Minor) at 4:56, Matt Hunwick (MJM) for High sticking (Minor) at 5:28, Jakub Kindl (MJM) for Roughing (Minor) at 18:54
3rd period
8. Sewer Rats , Tim Ramholt 4 (Jared Boll) at 0:29 (PP)
9. Sewer Rats , Kyle Turris 4 (Jared Boll, John-Michael Liles) at 8:38 (PP)
10. Sewer Rats , Ville Leino 4 (Peter Mueller, Tim Ramholt) at 10:54
11. Blackdemons , Enver Lisin 3 (Patrice Cormier, Jeffrey Foss) at 12:02
12. Blackdemons , Eric Wellwood 1 (Andrew MacDonald, Mathieu Dandenault) at 18:56
13. Blackdemons , Enver Lisin 4 (Patrice Cormier) at 19:00
Penalties :
John-Michael Liles (Tol) for Hooking (Minor) at 2:47, Mathieu Dandenault (MJM) for Hooking (Minor) at 8:01, Michael Haley (MJM) for Roughing (Minor) at 13:12
Goalie Stats
Martin Biron (Tol), 32 saves from 37 shots - (0,865), W, 5-1-0, 60:00 minutes
Chris Mason (MJM), 8 saves from 12 shots - (0,667), 25:05 minutes
Andrew Hammond (MJM), 22 saves from 26 shots - (0,846), L, 0-1-0, 34:55 minutes
Players Stats for Sewer Rats
Player Name G A P +/- PIM S H SB GA TA FO MP PP MP PK MP
------------------------------------------------------------------------------------
Derek Dorsett 0 3 3 2 0 5 3 0 1 0 0/0 13:27 0:00 0:00
Jared Boll 0 2 2 0 0 4 1 0 1 0 0/0 16:33 2:44 0:00
Jarred Tinordi 0 0 0 1 0 0 0 0 0 0 0/0 3:42 0:00 0:00
John-Michael Liles 0 2 2 1 2 1 2 2 1 0 0/0 25:35 4:26 3:58
Jonathan Marchessault 0 0 0 0 0 3 0 0 0 0 1/3 5:17 0:00 0:00
Jonathan Paiement 0 0 0 0 2 0 0 2 0 0 0/0 10:40 0:00 2:09
Kyle Quincey 0 1 1 0 0 0 0 1 1 1 0/0 21:16 1:53 3:44
Kyle Turris 1 1 2 0 0 4 1 1 1 1 7/14 17:21 2:44 1:06
Lars Eller 3 0 3 2 0 5 1 0 0 0 1/6 13:36 0:00 0:00
Matt Lashoff 0 1 1 -1 0 1 0 3 1 0 0/0 19:22 1:53 3:14
Mattias Ekholm 0 0 0 2 0 0 0 0 0 1 0/0 5:36 0:00 0:30
Nick Palmieri 1 0 1 0 4 1 2 0 3 0 1/4 18:18 3:35 1:52
Patrick Bordeleau 0 0 0 2 0 1 2 0 0 0 1/1 15:29 0:00 2:18
Peter Mueller 0 2 2 0 0 2 1 2 0 0 12/25 21:25 3:35 4:57
Steven Kampfer 0 0 0 0 0 1 1 0 0 0 0/0 9:37 0:00 0:00
Tim Ramholt 1 1 2 1 5 2 1 3 1 1 0/0 24:22 4:26 4:03
Tom Sestito 0 0 0 0 0 0 0 0 0 1 0/0 6:09 0:00 0:39
Ville Leino 1 0 1 0 2 3 0 2 0 0 5/11 24:37 3:35 4:18
Vojtech Polak 1 0 1 0 2 5 2 0 1 0 1/2 18:42 2:44 2:28
Players Stats for Blackdemons
Player Name G A P +/- PIM S H SB GA TA FO MP PP MP PK MP
------------------------------------------------------------------------------------
Andrew MacDonald 1 1 2 0 0 2 0 2 0 1 0/0 20:29 2:53 2:47
Barry Tallackson 0 0 0 -1 2 6 0 0 1 1 0/0 20:18 3:45 3:46
Bryan Rust 0 0 0 -1 0 0 0 0 0 0 1/2 4:49 0:45 0:00
Enver Lisin 2 2 4 1 5 7 6 0 2 0 4/8 24:18 3:53 4:01
Eric Wellwood 1 0 1 -1 0 3 3 0 0 0 1/1 13:28 0:40 0:37
Jakub Kindl 0 0 0 -1 2 1 3 2 0 0 0/0 20:22 2:53 2:30
Jeffrey Foss 0 1 1 0 0 1 1 0 0 1 0/0 13:06 0:00 1:37
Mathieu Dandenault 0 1 1 0 2 1 5 0 0 0 0/1 13:16 0:13 1:28
Matt Hunwick 0 0 0 -2 2 2 0 1 0 1 0/0 26:41 5:56 2:12
Matt Irwin 0 0 0 -2 0 1 1 0 1 3 0/0 28:02 5:56 3:32
Michael Haley 0 0 0 -1 2 1 2 0 0 0 0/0 16:30 3:37 0:00
Patrice Cormier 0 2 2 0 0 4 0 1 0 0 16/26 14:52 0:00 1:11
Richard Park 0 0 0 -1 0 3 0 0 0 0 0/0 8:25 0:00 1:28
Shawn Matthias 1 0 1 -1 0 2 1 0 1 0 13/23 17:45 4:53 0:00
Steve Oleksy 0 0 0 0 0 0 0 0 0 2 0/0 11:29 0:00 0:00
Steven Zalewski 0 0 0 -1 0 1 0 0 0 1 2/3 7:20 0:13 0:07
Wayne Primeau 0 0 0 0 0 1 2 0 0 0 0/2 14:17 3:37 0:00
Zach Boychuk 0 1 1 1 0 1 1 0 0 1 0/0 18:08 4:51 0:00
3 Stars
1 - Lars Eller (Tol)
2 - Enver Lisin (MJM)
3 - Derek Dorsett (Tol)
Power Play
Sewer Rats - 3 on 5 Attempt(s) - 60,00%
Blackdemons - 2 on 6 Attempt(s) - 33,33%
Penalty Kill
Sewer Rats - 4 on 6 Attempt(s) - 66,67%
- Score 0 goal in Penalty Kill
Blackdemons - 2 on 5 Attempt(s) - 40,00%
- Score 0 goal in Penalty Kill
Team Stat
Sewer Rats - Hits : 17 - Faceoff Wins : 29 - Blocked Shots : 16 - Penalty Minutes : 17
Blackdemons - Hits : 25 - Faceoff Wins : 37 - Blocked Shots : 6 - Penalty Minutes : 15
Official
Referees : L'Ecuyer Frederick and Sutherland Kelly
Linesman : Jean Morin and Thor Nelson
Game Notes
Enver Lisin beats up Tim Ramholt at 17:47 of 1st period
Andrew Hammond enters game at 5:05 of 2nd period
Lars Eller has scored a Hat Trick!
Finance
Level 1 -- Attendance: 1918 (95,90%) -- Ticket Income 57 540 $
Level 2 -- Attendance: 1000 (100,00%) -- Ticket Income 10 000 $
Total Attendance: 2918 (97,27%)
Total Ticket Income: 67 540 $
Other Income: 3 377 $
Total Income: 70 917 $
Sewer Rats
5 vs 5 Forward
Center Left Wing Right Wing Time % Phy DF OF
1 Peter Mueller Ville Leino Nick Palmieri 40 1 2 2
2 Kyle Turris Vojtech Polak Jared Boll 30 1 2 2
3 Lars Eller Patrick Bordeleau Derek Dorsett 20 1 2 2
4 Jonathan Marchessault Tom Sestito Ville Leino 10 1 2 2
5 vs 5 Defense
Defense Defense Time % Phy DF OF
1 Tim Ramholt John-Michael Liles 40 1 2 2
2 Matt Lashoff Kyle Quincey 30 1 2 2
3 Steven Kampfer Jonathan Paiement 20 1 2 2
4 Mattias Ekholm Jarred Tinordi 10 1 2 2
PowerPlay Forward
Center Left Wing Right Wing Time % Phy DF OF
1 Peter Mueller Ville Leino Nick Palmieri 60 1 2 2
2 Kyle Turris Vojtech Polak Jared Boll 40 1 2 2
PowerPlay Defense
Defense Defense Time % Phy DF OF
1 Tim Ramholt John-Michael Liles 60 1 2 2
2 Matt Lashoff Kyle Quincey 40 1 2 2
Penalty Kill 4 Players Forward
Center Wing Time % Phy DF OF
1 Ville Leino Peter Mueller 60 1 2 2
2 Nick Palmieri Vojtech Polak 40 1 2 2
Penalty Kill 4 Players Defense
Defense Defense Time % Phy DF OF
1 Tim Ramholt John-Michael Liles 60 1 2 2
2 Matt Lashoff Kyle Quincey 40 1 2 2
Penalty Kill - 3 Players Forward
Forward Time % Phy DF OF
1 Ville Leino 60 1 2 2
2 Peter Mueller 40 1 2 2
Penalty Kill - 3 Players Defense
Defense Defense Time % Phy DF OF
1 Tim Ramholt John-Michael Liles 60 1 2 2
2 Matt Lashoff Kyle Quincey 40 1 2 2
4 vs 4 Forward
Center Wing Time % Phy DF OF
1 Ville Leino Peter Mueller 60 1 2 2
2 Nick Palmieri Vojtech Polak 40 1 2 2
4 vs 4 Defense
Defense Defense Time % Phy DF OF
1 Tim Ramholt John-Michael Liles 60 1 2 2
2 Matt Lashoff Kyle Quincey 40 1 2 2
Last Minutes Offensive
Center Left Wing Right Wing Defense Defense
Peter Mueller Ville Leino Nick Palmieri Tim Ramholt John-Michael Liles
Last Minutes Defensive
Center Left Wing Right Wing Defense Defense
Peter Mueller Ville Leino Nick Palmieri Tim Ramholt John-Michael Liles
Goaltenders
Starting : Martin Biron
Backup : Richard Bachman
Extra Forwards
Normal : Derek Dorsett, Lars Eller, Patrick Bordeleau - PP : Derek Dorsett, Lars Eller - PK : Patrick Bordeleau
Extra Defensemen
Normal : Steven Kampfer, Jonathan Paiement, Mattias Ekholm - PP : Steven Kampfer - PK : Jonathan Paiement, Mattias Ekholm
Penalty Shots
Ville Leino, Peter Mueller, Nick Palmieri, Vojtech Polak, Jared Boll
Blackdemons
5 vs 5 Forward
Center Left Wing Right Wing Time % Phy DF OF
1 Patrice Cormier Zach Boychuk Enver Lisin 40 1 2 2
2 Shawn Matthias Michael Haley Barry Tallackson 30 1 2 2
3 Wayne Primeau Eric Wellwood Mathieu Dandenault 20 1 2 2
4 Steven Zalewski Enver Lisin Richard Park 10 1 2 2
5 vs 5 Defense
Defense Defense Time % Phy DF OF
1 Matt Hunwick Matt Irwin 40 1 2 2
2 Jakub Kindl Andrew MacDonald 30 1 2 2
3 Steve Oleksy Jeffrey Foss 20 1 2 2
4 Matt Hunwick Matt Irwin 10 1 2 2
PowerPlay Forward
Center Left Wing Right Wing Time % Phy DF OF
1 Shawn Matthias Zach Boychuk Enver Lisin 60 1 2 2
2 Wayne Primeau Michael Haley Barry Tallackson 40 1 2 2
PowerPlay Defense
Defense Defense Time % Phy DF OF
1 Matt Hunwick Matt Irwin 60 1 2 2
2 Jakub Kindl Andrew MacDonald 40 1 2 2
Penalty Kill 4 Players Forward
Center Wing Time % Phy DF OF
1 Enver Lisin Barry Tallackson 60 1 2 2
2 Mathieu Dandenault Richard Park 40 1 2 2
Penalty Kill 4 Players Defense
Defense Defense Time % Phy DF OF
1 Matt Hunwick Matt Irwin 60 1 2 2
2 Jakub Kindl Andrew MacDonald 40 1 2 2
Penalty Kill - 3 Players Forward
Forward Time % Phy DF OF
1 Enver Lisin 60 1 2 2
2 Barry Tallackson 40 1 2 2
Penalty Kill - 3 Players Defense
Defense Defense Time % Phy DF OF
1 Matt Hunwick Matt Irwin 60 1 2 2
2 Jakub Kindl Andrew MacDonald 40 1 2 2
4 vs 4 Forward
Center Wing Time % Phy DF OF
1 Enver Lisin Barry Tallackson 60 1 2 2
2 Mathieu Dandenault Richard Park 40 1 2 2
4 vs 4 Defense
Defense Defense Time % Phy DF OF
1 Matt Hunwick Matt Irwin 60 1 2 2
2 Jakub Kindl Andrew MacDonald 40 1 2 2
Last Minutes Offensive
Center Left Wing Right Wing Defense Defense
Shawn Matthias Zach Boychuk Enver Lisin Matt Hunwick Matt Irwin
Last Minutes Defensive
Center Left Wing Right Wing Defense Defense
Shawn Matthias Zach Boychuk Enver Lisin Matt Hunwick Matt Irwin
Goaltenders
Starting : Chris Mason
Backup : Andrew Hammond
Extra Forwards
Normal : Bryan Rust, Eric Wellwood, Patrice Cormier - PP : Bryan Rust, Eric Wellwood - PK : Patrice Cormier
Extra Defensemen
Normal : Steve Oleksy, Jeffrey Foss, Jakub Kindl - PP : Steve Oleksy - PK : Jeffrey Foss, Jakub Kindl
Penalty Shots
Enver Lisin, Barry Tallackson, Mathieu Dandenault, Richard Park, Shawn Matthias
% Time on Ice - Sewer Rats
Lines # - Real PCT - Wanted PCT - Time Play
Normal Forward
1 - 29% - 40% - 13:06
2 - 30% - 30% - 13:31
3 - 29% - 20% - 12:58
4 - 12% - 10% - 5:17
Normal Defense
1 - 41% - 40% - 18:36
2 - 32% - 30% - 14:15
3 - 19% - 20% - 8:19
4 - 8% - 10% - 3:42
PP Forward
1 - 57% - 60% - 3:35
2 - 43% - 40% - 2:44
PP Defense
1 - 70% - 60% - 4:26
2 - 30% - 40% - 1:53
PK Forward
1 - 66% - 60% - 5:49
2 - 34% - 40% - 3:00
PK Defense
1 - 63% - 60% - 5:35
2 - 37% - 40% - 3:14
PK3 Forward
1 - 0% - 60%
2 - 0% - 40%
PK3 Defense
1 - 0% - 60%
2 - 0% - 40%
44 Forward
1 - 0% - 60%
2 - 0% - 40%
44 Defense
1 - 0% - 60%
2 - 0% - 40%
Last Minute Offensive - 0:00
Last Minute Defensive - 0:00
Total
Forward - 60:00
Defense - 60:00
|
% Time on Ice - Blackdemons
Lines # - Real PCT - Wanted PCT - Time Play
Normal Forward
1 - 30% - 40% - 13:31
2 - 29% - 30% - 12:48
3 - 26% - 20% - 11:36
4 - 15% - 10% - 6:57
Normal Defense
1 - 39% - 40% - 17:21
2 - 33% - 30% - 14:49
3 - 26% - 20% - 11:29
4 - 3% - 10% - 1:13
PP Forward
1 - 59% - 60% - 5:12
2 - 41% - 40% - 3:37
PP Defense
1 - 67% - 60% - 5:56
2 - 33% - 40% - 2:53
PK Forward
1 - 77% - 60% - 4:51
2 - 23% - 40% - 1:28
PK Defense
1 - 57% - 60% - 3:35
2 - 43% - 40% - 2:44
PK3 Forward
1 - 0% - 60%
2 - 0% - 40%
PK3 Defense
1 - 0% - 60%
2 - 0% - 40%
44 Forward
1 - 0% - 60%
2 - 0% - 40%
44 Defense
1 - 0% - 60%
2 - 0% - 40%
Last Minute Offensive - 0:00
Last Minute Defensive - 0:00
Total
Forward - 60:00
Defense - 60:00
|
Play by Play
1st period
0:01 of 1st period - Patrice Cormier wins face-off versus Ville Leino in neutral zone.
0:26 of 1st period - Enver Lisin is hit by Patrick Bordeleau and loses puck.
0:30 of 1st period - Icing by Matt Hunwick.
0:31 of 1st period - Patrice Cormier wins face-off versus Lars Eller in Blackdemons zone.
0:42 of 1st period - Wrist shot by Enver Lisin.
0:42 of 1st period - Stopped by Martin Biron without a rebound.
0:43 of 1st period - Shawn Matthias wins face-off versus Kyle Turris in Sewer Rats zone.
0:46 of 1st period - Slapshot by Barry Tallackson.
0:46 of 1st period - Shot Misses the Net.
1:08 of 1st period - Steven Kampfer is hit by Eric Wellwood and loses puck.
2:29 of 1st period - Snap shot by Peter Mueller.
2:29 of 1st period - Shot Misses the Net.
2:31 of 1st period - Slapshot by Derek Dorsett.
2:31 of 1st period - Shot Misses the Net.
2:45 of 1st period - Wrist shot by Vojtech Polak.
2:45 of 1st period - Goal by Vojtech Polak - Sewer Rats : 1 - Blackdemons : 0.
2:46 of 1st period - Patrice Cormier wins face-off versus Peter Mueller in neutral zone.
3:13 of 1st period - Shawn Matthias is hit by Vojtech Polak and loses puck.
4:51 of 1st period - Slapshot by Enver Lisin.
4:51 of 1st period - Stopped by Martin Biron with a rebound.
5:46 of 1st period - Icing by Jonathan Paiement.
5:47 of 1st period - Steven Zalewski wins face-off versus Jonathan Marchessault in Sewer Rats zone.
6:00 of 1st period - Wrist shot by Wayne Primeau.
6:00 of 1st period - Shot Misses the Net.
6:02 of 1st period - Snap shot by Wayne Primeau.
6:02 of 1st period - Shot Blocked by Ville Leino.
6:48 of 1st period - Enver Lisin is hit by Lars Eller and loses puck.
9:33 of 1st period - Snap shot by Jonathan Marchessault.
9:33 of 1st period - Stopped by Chris Mason without a rebound.
9:34 of 1st period - Jonathan Marchessault wins face-off versus Patrice Cormier in Blackdemons zone.
9:57 of 1st period - Peter Mueller is hit by Jeffrey Foss.
10:03 of 1st period - Snap shot by Barry Tallackson.
10:03 of 1st period - Shot Misses the Net.
10:05 of 1st period - Backhand shot by Barry Tallackson.
10:05 of 1st period - Stopped by Martin Biron with a rebound.
10:07 of 1st period - Wrist shot by Shawn Matthias.
10:07 of 1st period - Stopped by Martin Biron without a rebound.
10:08 of 1st period - Eric Wellwood wins face-off versus Kyle Turris in Sewer Rats zone.
10:40 of 1st period - Tim Ramholt is hit by Enver Lisin and loses puck.
11:03 of 1st period - Snap shot by Michael Haley.
11:03 of 1st period - Shot Blocked by Matt Lashoff.
11:05 of 1st period - Slapshot by Matt Hunwick.
11:05 of 1st period - Shot Misses the Net.
11:07 of 1st period - Wrist shot by Shawn Matthias.
11:07 of 1st period - Shot Misses the Net.
11:13 of 1st period - Minor Penalty to Nick Palmieri for Charging.
11:14 of 1st period - Shawn Matthias wins face-off versus Ville Leino in Sewer Rats zone.
11:19 of 1st period - Snap shot by Enver Lisin.
11:19 of 1st period - Shot Misses the Net.
11:21 of 1st period - Slapshot by Andrew MacDonald.
11:21 of 1st period - Goal by Andrew MacDonald - Sewer Rats : 1 - Blackdemons : 1.
11:22 of 1st period - Patrice Cormier wins face-off versus Peter Mueller in neutral zone.
11:33 of 1st period - Snap shot by Enver Lisin.
11:33 of 1st period - Stopped by Martin Biron with a rebound.
11:35 of 1st period - Minor Penalty to Ville Leino for Tripping.
11:36 of 1st period - Patrick Bordeleau wins face-off versus Shawn Matthias in Sewer Rats zone.
11:36 of 1st period - Patrick Bordeleau is hit by Enver Lisin.
12:08 of 1st period - Slapshot by Barry Tallackson.
12:08 of 1st period - Stopped by Martin Biron with a rebound.
12:10 of 1st period - Slapshot by Matt Hunwick.
12:10 of 1st period - Stopped by Martin Biron without a rebound.
12:11 of 1st period - Shawn Matthias wins face-off versus Kyle Turris in Sewer Rats zone.
12:20 of 1st period - Snap shot by Shawn Matthias.
12:20 of 1st period - Goal by Shawn Matthias - Sewer Rats : 1 - Blackdemons : 2.
12:21 of 1st period - Patrice Cormier wins face-off versus Peter Mueller in neutral zone.
12:24 of 1st period - Snap shot by Enver Lisin.
12:24 of 1st period - Shot Blocked by Tim Ramholt.
12:28 of 1st period - Wrist shot by Enver Lisin.
12:28 of 1st period - Shot Misses the Net.
12:30 of 1st period - Wrist shot by Matt Irwin.
12:30 of 1st period - Shot Blocked by John-Michael Liles.
12:32 of 1st period - Minor Penalty to Nick Palmieri for Hooking.
12:33 of 1st period - Ville Leino wins face-off versus Shawn Matthias in Sewer Rats zone.
12:33 of 1st period - Ville Leino is hit by Enver Lisin.
12:39 of 1st period - Matt Hunwick is hit by John-Michael Liles and loses puck.
12:46 of 1st period - Wrist shot by Ville Leino.
12:46 of 1st period - Stopped by Chris Mason without a rebound.
12:47 of 1st period - Shawn Matthias wins face-off versus Ville Leino in Blackdemons zone.
13:56 of 1st period - Vojtech Polak is hit by Enver Lisin and loses puck.
14:32 of 1st period - Penalty to Nick Palmieri is over, Nick Palmieri is back on ice.
14:35 of 1st period - Snap shot by Lars Eller.
14:35 of 1st period - Stopped by Chris Mason without a rebound.
14:36 of 1st period - Bryan Rust wins face-off versus Lars Eller in Blackdemons zone.
14:36 of 1st period - Bryan Rust is hit by Patrick Bordeleau.
14:45 of 1st period - Minor Penalty to Jonathan Paiement for Holding.
14:46 of 1st period - Shawn Matthias wins face-off versus Peter Mueller in Sewer Rats zone.
16:45 of 1st period - Penalty to Jonathan Paiement is over, Jonathan Paiement is back on ice.
16:55 of 1st period - Snap shot by Mathieu Dandenault.
16:55 of 1st period - Deflect By Eric Wellwood.
16:55 of 1st period - Stopped by Martin Biron with a rebound.
16:57 of 1st period - Snap shot by Jeffrey Foss.
16:57 of 1st period - Deflect By Matt Lashoff.
16:57 of 1st period - Stopped by Martin Biron without a rebound.
16:58 of 1st period - Kyle Turris wins face-off versus Bryan Rust in Sewer Rats zone.
17:41 of 1st period - Wrist shot by Derek Dorsett.
17:41 of 1st period - Stopped by Chris Mason with a rebound.
17:43 of 1st period - Wrist shot by Lars Eller.
17:43 of 1st period - Deflect By Eric Wellwood.
17:43 of 1st period - Goal by Lars Eller - Sewer Rats : 2 - Blackdemons : 2.
17:44 of 1st period - Patrice Cormier wins face-off versus Peter Mueller in neutral zone.
17:47 of 1st period - Enver Lisin beats up Tim Ramholt.
17:47 of 1st period - Penalty to Enver Lisin for Fighting.
17:47 of 1st period - Penalty to Tim Ramholt for Fighting.
17:48 of 1st period - Patrice Cormier wins face-off versus Peter Mueller in Sewer Rats zone.
17:49 of 1st period - Slapshot by Matt Irwin.
17:49 of 1st period - Stopped by Martin Biron without a rebound.
17:50 of 1st period - Peter Mueller wins face-off versus Patrice Cormier in Sewer Rats zone.
18:02 of 1st period - Icing by Matt Hunwick.
18:03 of 1st period - Ville Leino wins face-off versus Patrice Cormier in Blackdemons zone.
18:29 of 1st period - Matt Irwin is hit by Derek Dorsett and loses puck.
18:52 of 1st period - Slapshot by Matt Irwin.
18:52 of 1st period - Shot Blocked by Matt Lashoff.
19:05 of 1st period - Matt Lashoff is hit by Michael Haley and loses puck.
19:20 of 1st period - Matt Lashoff is hit by Eric Wellwood and loses puck.
19:37 of 1st period - Snap shot by Jared Boll.
19:37 of 1st period - Stopped by Chris Mason with a rebound.
Goals for this period are 2 for Sewer Rats vs 2 for Blackdemons.
Shots for this period are 7 for Sewer Rats vs 12 for Blackdemons.
2nd period
0:01 of 2nd period - Peter Mueller wins face-off versus Patrice Cormier in neutral zone.
0:09 of 2nd period - Icing by Matt Irwin.
0:10 of 2nd period - Patrice Cormier wins face-off versus Peter Mueller in Blackdemons zone.
0:10 of 2nd period - Patrice Cormier is hit by Steven Kampfer.
0:20 of 2nd period - Slapshot by Matt Irwin.
0:20 of 2nd period - Shot Misses the Net.
0:22 of 2nd period - Wrist shot by Patrice Cormier.
0:22 of 2nd period - Stopped by Martin Biron with a rebound.
0:24 of 2nd period - Slapshot by Matt Irwin.
0:24 of 2nd period - Shot Blocked by Ville Leino.
0:26 of 2nd period - Slapshot by Matt Irwin.
0:26 of 2nd period - Shot Misses the Net.
0:28 of 2nd period - Snap shot by Patrice Cormier.
0:28 of 2nd period - Shot Misses the Net.
0:30 of 2nd period - Backhand shot by Matt Hunwick.
0:30 of 2nd period - Shot Misses the Net.
0:32 of 2nd period - Snap shot by Patrice Cormier.
0:32 of 2nd period - Deflect By Ville Leino.
0:32 of 2nd period - Stopped by Martin Biron with a rebound.
0:34 of 2nd period - Slapshot by Matt Hunwick.
0:34 of 2nd period - Stopped by Martin Biron without a rebound.
0:35 of 2nd period - Shawn Matthias wins face-off versus Kyle Turris in Sewer Rats zone.
0:36 of 2nd period - Snap shot by Barry Tallackson.
0:36 of 2nd period - Stopped by Martin Biron with a rebound.
0:38 of 2nd period - Slapshot by Jakub Kindl.
0:38 of 2nd period - Stopped by Martin Biron without a rebound.
0:39 of 2nd period - Vojtech Polak wins face-off versus Shawn Matthias in Sewer Rats zone.
0:41 of 2nd period - Minor Penalty to Vojtech Polak for Cross-checking.
0:42 of 2nd period - Shawn Matthias wins face-off versus Ville Leino in Sewer Rats zone.
1:53 of 2nd period - John-Michael Liles is hit by Eric Wellwood and loses puck.
2:08 of 2nd period - Nick Palmieri is hit by Wayne Primeau and loses puck.
2:35 of 2nd period - Kyle Turris is hit by Mathieu Dandenault and loses puck.
2:41 of 2nd period - Penalty to Vojtech Polak is over, Vojtech Polak is back on ice.
2:50 of 2nd period - Wrist shot by Lars Eller.
2:50 of 2nd period - Deflect By Derek Dorsett.
2:50 of 2nd period - Stopped by Chris Mason with a rebound.
2:52 of 2nd period - Snap shot by Kyle Quincey.
2:52 of 2nd period - Deflect By Lars Eller.
2:52 of 2nd period - Goal by Lars Eller - Sewer Rats : 3 - Blackdemons : 2.
2:53 of 2nd period - Ville Leino wins face-off versus Patrice Cormier in neutral zone.
3:21 of 2nd period - Wrist shot by Barry Tallackson.
3:21 of 2nd period - Shot Misses the Net.
3:23 of 2nd period - Snap shot by Michael Haley.
3:23 of 2nd period - Stopped by Martin Biron with a rebound.
3:25 of 2nd period - Slapshot by Michael Haley.
3:25 of 2nd period - Shot Blocked by Tim Ramholt.
4:16 of 2nd period - Slapshot by Ville Leino.
4:16 of 2nd period - Stopped by Chris Mason with a rebound.
4:20 of 2nd period - Slapshot by Vojtech Polak.
4:20 of 2nd period - Stopped by Chris Mason without a rebound.
4:21 of 2nd period - Patrice Cormier wins face-off versus Kyle Turris in Blackdemons zone.
4:56 of 2nd period - Minor Penalty to Barry Tallackson for Interference.
4:57 of 2nd period - Peter Mueller wins face-off versus Enver Lisin in Blackdemons zone.
4:59 of 2nd period - Wrist shot by Nick Palmieri.
4:59 of 2nd period - Shot Blocked by Patrice Cormier.
5:01 of 2nd period - Slapshot by John-Michael Liles.
5:01 of 2nd period - Deflect By Nick Palmieri.
5:01 of 2nd period - Shot Misses the Net.
5:01 of 2nd period - Puck is out of play.
5:02 of 2nd period - Peter Mueller wins face-off versus Enver Lisin in Blackdemons zone.
5:05 of 2nd period - Slapshot by Nick Palmieri.
5:05 of 2nd period - Goal by Nick Palmieri - Sewer Rats : 4 - Blackdemons : 2.
5:05 of 2nd period - Andrew Hammond enters game.
5:06 of 2nd period - Patrice Cormier wins face-off versus Nick Palmieri in neutral zone.
5:13 of 2nd period - Snap shot by Peter Mueller.
5:13 of 2nd period - Stopped by Andrew Hammond with a rebound.
5:15 of 2nd period - Wrist shot by Peter Mueller.
5:15 of 2nd period - Stopped by Andrew Hammond with a rebound.
5:17 of 2nd period - Slapshot by John-Michael Liles.
5:17 of 2nd period - Shot Misses the Net.
5:19 of 2nd period - Snap shot by Tim Ramholt.
5:19 of 2nd period - Shot Misses the Net.
5:21 of 2nd period - Snap shot by Tim Ramholt.
5:21 of 2nd period - Stopped by Andrew Hammond without a rebound.
5:22 of 2nd period - Kyle Turris wins face-off versus Shawn Matthias in Blackdemons zone.
5:23 of 2nd period - Slapshot by Vojtech Polak.
5:23 of 2nd period - Deflect By Matt Hunwick.
5:23 of 2nd period - Shot Misses the Net.
5:23 of 2nd period - Puck is out of play.
5:24 of 2nd period - Kyle Turris wins face-off versus Shawn Matthias in Blackdemons zone.
5:28 of 2nd period - Minor Penalty to Matt Hunwick for High sticking.
5:29 of 2nd period - Enver Lisin wins face-off versus Peter Mueller in Blackdemons zone.
6:01 of 2nd period - Snap shot by Kyle Turris.
6:01 of 2nd period - Stopped by Andrew Hammond with a rebound.
6:21 of 2nd period - Slapshot by Matt Irwin.
6:21 of 2nd period - Deflect By Richard Park.
6:21 of 2nd period - Stopped by Martin Biron with a rebound.
7:05 of 2nd period - Tim Ramholt is hit by Mathieu Dandenault and loses puck.
7:28 of 2nd period - Penalty to Matt Hunwick is over, Matt Hunwick is back on ice.
7:38 of 2nd period - Snap shot by Lars Eller.
7:38 of 2nd period - Goal by Lars Eller - Sewer Rats : 5 - Blackdemons : 2.
7:39 of 2nd period - Patrice Cormier wins face-off versus Lars Eller in neutral zone.
8:23 of 2nd period - Peter Mueller is hit by Jakub Kindl and loses puck.
8:44 of 2nd period - Richard Park is hit by Vojtech Polak and loses puck.
9:36 of 2nd period - Off-side.
9:37 of 2nd period - Kyle Turris wins face-off versus Patrice Cormier in neutral zone.
9:40 of 2nd period - Snap shot by Kyle Turris.
9:40 of 2nd period - Shot Misses the Net.
9:46 of 2nd period - Snap shot by Jared Boll.
9:46 of 2nd period - Deflect By Patrice Cormier.
9:46 of 2nd period - Stopped by Andrew Hammond without a rebound.
9:47 of 2nd period - Patrice Cormier wins face-off versus Nick Palmieri in Blackdemons zone.
10:00 of 2nd period - Wrist shot by Enver Lisin.
10:00 of 2nd period - Deflect By Zach Boychuk.
10:00 of 2nd period - Stopped by Martin Biron with a rebound.
10:04 of 2nd period - Snap shot by Enver Lisin.
10:04 of 2nd period - Shot Misses the Net.
10:47 of 2nd period - Snap shot by Derek Dorsett.
10:47 of 2nd period - Stopped by Andrew Hammond with a rebound.
10:49 of 2nd period - Wrist shot by Tim Ramholt.
10:49 of 2nd period - Shot Blocked by Jakub Kindl.
10:51 of 2nd period - Slapshot by John-Michael Liles.
10:51 of 2nd period - Stopped by Andrew Hammond with a rebound.
11:18 of 2nd period - Off-side.
11:19 of 2nd period - Kyle Turris wins face-off versus Wayne Primeau in neutral zone.
11:55 of 2nd period - Slapshot by Barry Tallackson.
11:55 of 2nd period - Stopped by Martin Biron with a rebound.
11:57 of 2nd period - Slapshot by Matt Irwin.
11:57 of 2nd period - Shot Blocked by Jonathan Paiement.
11:59 of 2nd period - Snap shot by Barry Tallackson.
11:59 of 2nd period - Stopped by Martin Biron with a rebound.
12:16 of 2nd period - Snap shot by Enver Lisin.
12:16 of 2nd period - Stopped by Martin Biron with a rebound.
12:56 of 2nd period - Ville Leino is hit by Shawn Matthias.
13:00 of 2nd period - Nick Palmieri is hit by Jakub Kindl and loses puck.
13:15 of 2nd period - Lars Eller is hit by Enver Lisin and loses puck.
13:26 of 2nd period - Matt Irwin is hit by John-Michael Liles and loses puck.
13:57 of 2nd period - Slapshot by Enver Lisin.
13:57 of 2nd period - Shot Misses the Net.
14:19 of 2nd period - Patrick Bordeleau is hit by Enver Lisin and loses puck.
14:42 of 2nd period - Snap shot by Vojtech Polak.
14:42 of 2nd period - Stopped by Andrew Hammond with a rebound.
15:41 of 2nd period - Matt Hunwick is hit by Kyle Turris and loses puck.
16:32 of 2nd period - Wrist shot by Jared Boll.
16:32 of 2nd period - Deflect By Kyle Turris.
16:32 of 2nd period - Stopped by Andrew Hammond with a rebound.
17:02 of 2nd period - Wrist shot by Kyle Turris.
17:02 of 2nd period - Shot Misses the Net.
17:10 of 2nd period - Wrist shot by Richard Park.
17:10 of 2nd period - Stopped by Martin Biron with a rebound.
17:12 of 2nd period - Snap shot by Steven Zalewski.
17:12 of 2nd period - Stopped by Martin Biron without a rebound.
17:13 of 2nd period - Peter Mueller wins face-off versus Shawn Matthias in Sewer Rats zone.
17:41 of 2nd period - Icing by Jonathan Paiement.
17:42 of 2nd period - Patrice Cormier wins face-off versus Lars Eller in Sewer Rats zone.
17:59 of 2nd period - Wrist shot by Enver Lisin.
17:59 of 2nd period - Shot Misses the Net.
18:01 of 2nd period - Wrist shot by Patrice Cormier.
18:01 of 2nd period - Stopped by Martin Biron with a rebound.
18:19 of 2nd period - Slapshot by Enver Lisin.
18:19 of 2nd period - Stopped by Martin Biron without a rebound.
18:20 of 2nd period - Shawn Matthias wins face-off versus Peter Mueller in Sewer Rats zone.
18:21 of 2nd period - Wrist shot by Barry Tallackson.
18:21 of 2nd period - Stopped by Martin Biron with a rebound.
18:50 of 2nd period - Kyle Quincey is hit by Mathieu Dandenault and loses puck.
18:54 of 2nd period - Minor Penalty to Jakub Kindl for Roughing.
18:55 of 2nd period - Peter Mueller wins face-off versus Enver Lisin in Blackdemons zone.
19:58 of 2nd period - Icing by Nick Palmieri.
19:59 of 2nd period - Ville Leino wins face-off versus Mathieu Dandenault in Sewer Rats zone.
Goals for this period are 3 for Sewer Rats vs 0 for Blackdemons.
Shots for this period are 15 for Sewer Rats vs 16 for Blackdemons.
3rd period
0:01 of 3rd period - Enver Lisin wins face-off versus Nick Palmieri in neutral zone.
0:29 of 3rd period - Slapshot by Tim Ramholt.
0:29 of 3rd period - Goal by Tim Ramholt - Sewer Rats : 6 - Blackdemons : 2.
0:30 of 3rd period - Peter Mueller wins face-off versus Patrice Cormier in neutral zone.
0:44 of 3rd period - Patrice Cormier is hit by Tim Ramholt and loses puck.
1:36 of 3rd period - Snap shot by Ville Leino.
1:36 of 3rd period - Shot Misses the Net.
1:38 of 3rd period - Snap shot by Steven Kampfer.
1:38 of 3rd period - Stopped by Andrew Hammond with a rebound.
1:40 of 3rd period - Snap shot by Jonathan Marchessault.
1:40 of 3rd period - Stopped by Andrew Hammond without a rebound.
1:41 of 3rd period - Steven Zalewski wins face-off versus Jonathan Marchessault in Blackdemons zone.
1:56 of 3rd period - Wrist shot by Enver Lisin.
1:56 of 3rd period - Shot Misses the Net.
1:58 of 3rd period - Snap shot by Richard Park.
1:58 of 3rd period - Stopped by Martin Biron without a rebound.
1:59 of 3rd period - Shawn Matthias wins face-off versus Kyle Turris in Sewer Rats zone.
2:05 of 3rd period - Off-side.
2:06 of 3rd period - Shawn Matthias wins face-off versus Kyle Turris in neutral zone.
2:08 of 3rd period - Off-side.
2:09 of 3rd period - Shawn Matthias wins face-off versus Vojtech Polak in neutral zone.
2:09 of 3rd period - Jakub Kindl is hit by Jared Boll and loses puck.
2:16 of 3rd period - Wrist shot by Tim Ramholt.
2:16 of 3rd period - Deflect By Jared Boll.
2:16 of 3rd period - Stopped by Andrew Hammond with a rebound.
2:26 of 3rd period - Snap shot by John-Michael Liles.
2:26 of 3rd period - Shot Blocked by Jakub Kindl.
2:32 of 3rd period - Wrist shot by Vojtech Polak.
2:32 of 3rd period - Stopped by Andrew Hammond with a rebound.
2:34 of 3rd period - Snap shot by Jared Boll.
2:34 of 3rd period - Stopped by Andrew Hammond with a rebound.
2:44 of 3rd period - Snap shot by Kyle Turris.
2:44 of 3rd period - Deflect By Vojtech Polak.
2:44 of 3rd period - Deflect By Jakub Kindl.
2:44 of 3rd period - Stopped by Andrew Hammond with a rebound.
2:47 of 3rd period - Minor Penalty to John-Michael Liles for Hooking.
2:48 of 3rd period - Shawn Matthias wins face-off versus Ville Leino in Sewer Rats zone.
2:49 of 3rd period - Wrist shot by Enver Lisin.
2:49 of 3rd period - Shot Blocked by Tim Ramholt.
2:51 of 3rd period - Slapshot by Matt Hunwick.
2:51 of 3rd period - Deflect By Zach Boychuk.
2:51 of 3rd period - Shot Blocked by Peter Mueller.
2:51 of 3rd period - Puck is out of play.
2:52 of 3rd period - Ville Leino wins face-off versus Shawn Matthias in Sewer Rats zone.
3:50 of 3rd period - Nick Palmieri is hit by Michael Haley and loses puck.
4:19 of 3rd period - Slapshot by Matt Hunwick.
4:19 of 3rd period - Shot Blocked by Jonathan Paiement.
4:47 of 3rd period - Penalty to John-Michael Liles is over, John-Michael Liles is back on ice.
5:17 of 3rd period - Patrick Bordeleau is hit by Mathieu Dandenault and loses puck.
5:58 of 3rd period - Wrist shot by Kyle Turris.
5:58 of 3rd period - Stopped by Andrew Hammond without a rebound.
5:59 of 3rd period - Kyle Turris wins face-off versus Shawn Matthias in Blackdemons zone.
7:04 of 3rd period - Icing by Kyle Turris.
7:05 of 3rd period - Kyle Turris wins face-off versus Steven Zalewski in Sewer Rats zone.
7:05 of 3rd period - Kyle Turris is hit by Matt Irwin.
7:44 of 3rd period - Slapshot by Ville Leino.
7:44 of 3rd period - Deflect By Jonathan Marchessault.
7:44 of 3rd period - Stopped by Andrew Hammond with a rebound.
8:01 of 3rd period - Minor Penalty to Mathieu Dandenault for Hooking.
8:02 of 3rd period - Enver Lisin wins face-off versus Peter Mueller in Blackdemons zone.
8:09 of 3rd period - Off-side.
8:10 of 3rd period - Enver Lisin wins face-off versus Ville Leino in neutral zone.
8:38 of 3rd period - Wrist shot by Kyle Turris.
8:38 of 3rd period - Goal by Kyle Turris - Sewer Rats : 7 - Blackdemons : 2.
8:39 of 3rd period - Patrice Cormier wins face-off versus Peter Mueller in neutral zone.
9:29 of 3rd period - Wrist shot by Mathieu Dandenault.
9:29 of 3rd period - Shot Misses the Net.
10:23 of 3rd period - Snap shot by Lars Eller.
10:23 of 3rd period - Stopped by Andrew Hammond without a rebound.
10:24 of 3rd period - Lars Eller wins face-off versus Patrice Cormier in Blackdemons zone.
10:25 of 3rd period - Snap shot by Derek Dorsett.
10:25 of 3rd period - Shot Blocked by Andrew MacDonald.
10:27 of 3rd period - Snap shot by Patrick Bordeleau.
10:27 of 3rd period - Shot Blocked by Andrew MacDonald.
10:29 of 3rd period - Slapshot by Tim Ramholt.
10:29 of 3rd period - Shot Misses the Net.
10:31 of 3rd period - Wrist shot by Lars Eller.
10:31 of 3rd period - Deflect By Derek Dorsett.
10:31 of 3rd period - Stopped by Andrew Hammond with a rebound.
10:33 of 3rd period - Snap shot by Derek Dorsett.
10:33 of 3rd period - Stopped by Andrew Hammond without a rebound.
10:34 of 3rd period - Peter Mueller wins face-off versus Shawn Matthias in Blackdemons zone.
10:44 of 3rd period - Off-side.
10:45 of 3rd period - Patrice Cormier wins face-off versus Peter Mueller in neutral zone.
10:45 of 3rd period - Matt Irwin is hit by Nick Palmieri and loses puck.
10:54 of 3rd period - Slapshot by Peter Mueller.
10:54 of 3rd period - Deflect By Ville Leino.
10:54 of 3rd period - Goal by Ville Leino - Sewer Rats : 8 - Blackdemons : 2.
10:55 of 3rd period - Peter Mueller wins face-off versus Patrice Cormier in neutral zone.
11:02 of 3rd period - Wrist shot by John-Michael Liles.
11:02 of 3rd period - Shot Blocked by Matt Hunwick.
11:20 of 3rd period - Matt Irwin is hit by Derek Dorsett and loses puck.
11:27 of 3rd period - Tim Ramholt is hit by Zach Boychuk and loses puck.
11:44 of 3rd period - Snap shot by Enver Lisin.
11:44 of 3rd period - Shot Misses the Net.
11:46 of 3rd period - Wrist shot by Patrice Cormier.
11:46 of 3rd period - Stopped by Martin Biron with a rebound.
11:48 of 3rd period - Snap shot by Enver Lisin.
11:48 of 3rd period - Shot Blocked by John-Michael Liles.
11:50 of 3rd period - Wrist shot by Jeffrey Foss.
11:50 of 3rd period - Shot Misses the Net.
12:00 of 3rd period - Snap shot by Enver Lisin.
12:00 of 3rd period - Shot Hit the Post.
12:02 of 3rd period - Wrist shot by Enver Lisin.
12:02 of 3rd period - Goal by Enver Lisin - Sewer Rats : 8 - Blackdemons : 3.
12:03 of 3rd period - Peter Mueller wins face-off versus Shawn Matthias in neutral zone.
12:08 of 3rd period - Wrist shot by Peter Mueller.
12:08 of 3rd period - Shot Misses the Net.
12:32 of 3rd period - Slapshot by Matt Hunwick.
12:32 of 3rd period - Shot Blocked by Matt Lashoff.
12:34 of 3rd period - Slapshot by Wayne Primeau.
12:34 of 3rd period - Shot Blocked by Kyle Quincey.
12:36 of 3rd period - Wrist shot by Matt Hunwick.
12:36 of 3rd period - Shot Blocked by Kyle Turris.
12:38 of 3rd period - Snap shot by Eric Wellwood.
12:38 of 3rd period - Stopped by Martin Biron with a rebound.
12:54 of 3rd period - Snap shot by Patrick Bordeleau.
12:54 of 3rd period - Stopped by Andrew Hammond without a rebound.
12:55 of 3rd period - Shawn Matthias wins face-off versus Lars Eller in Blackdemons zone.
12:55 of 3rd period - Shawn Matthias is hit by Derek Dorsett.
13:12 of 3rd period - Minor Penalty to Michael Haley for Roughing.
13:13 of 3rd period - Nick Palmieri wins face-off versus Enver Lisin in Blackdemons zone.
14:21 of 3rd period - Richard Park is hit by Peter Mueller and loses puck.
14:54 of 3rd period - Matt Lashoff is hit by Jakub Kindl and loses puck.
15:12 of 3rd period - Penalty to Michael Haley is over, Michael Haley is back on ice.
15:14 of 3rd period - Icing by Tim Ramholt.
15:15 of 3rd period - Peter Mueller wins face-off versus Wayne Primeau in Sewer Rats zone.
15:32 of 3rd period - Tim Ramholt is hit by Wayne Primeau and loses puck.
16:04 of 3rd period - Wrist shot by Derek Dorsett.
16:04 of 3rd period - Shot Misses the Net.
17:15 of 3rd period - Enver Lisin is hit by Nick Palmieri.
18:21 of 3rd period - Steven Kampfer is hit by Mathieu Dandenault and loses puck.
18:44 of 3rd period - Slapshot by Mathieu Dandenault.
18:44 of 3rd period - Stopped by Martin Biron with a rebound.
18:46 of 3rd period - Slapshot by Wayne Primeau.
18:46 of 3rd period - Stopped by Martin Biron with a rebound.
18:52 of 3rd period - Slapshot by Andrew MacDonald.
18:52 of 3rd period - Shot Misses the Net.
18:54 of 3rd period - Slapshot by Andrew MacDonald.
18:54 of 3rd period - Stopped by Martin Biron with a rebound.
18:56 of 3rd period - Snap shot by Eric Wellwood.
18:56 of 3rd period - Goal by Eric Wellwood - Sewer Rats : 8 - Blackdemons : 4.
18:57 of 3rd period - Patrice Cormier wins face-off versus Peter Mueller in neutral zone.
19:00 of 3rd period - Wrist shot by Enver Lisin.
19:00 of 3rd period - Goal by Enver Lisin - Sewer Rats : 8 - Blackdemons : 5.
19:01 of 3rd period - Peter Mueller wins face-off versus Patrice Cormier in neutral zone.
19:16 of 3rd period - Snap shot by Zach Boychuk.
19:16 of 3rd period - Shot Blocked by Peter Mueller.
19:31 of 3rd period - Wrist shot by Shawn Matthias.
19:31 of 3rd period - Shot Misses the Net.
19:47 of 3rd period - Slapshot by Matt Lashoff.
19:47 of 3rd period - Stopped by Andrew Hammond with a rebound.
Goals for this period are 3 for Sewer Rats vs 3 for Blackdemons.
Shots for this period are 16 for Sewer Rats vs 9 for Blackdemons.
Back to the Top